 Dungeon Crawl Stone Soup version 0.18-a0-1800-gdc7a371 (webtiles) character file.

6889 Minkie the Thaumaturge (level 10, -5/50 HPs)
             Began as a Deep Elf Fire Elementalist on Apr 24, 2016.
             Was a Believer of Vehumet.
             Killed by divine providence
             ... invoked by an orc priest
              (16 damage)
             ... on level 1 of the Orcish Mines.
             The game lasted 00:56:49 (10572 turns).

Minkie the Thaumaturge (DEFE)                      Turns: 10572, Time: 00:56:49

Health: -5/50      AC:  9    Str:  5    XL:     10   Next: 79%
Magic:  4/29       EV: 13    Int: 19    God:    Vehumet [**....]
Gold:   507        SH:  0    Dex: 15    Spells: 3 memorised, 26 levels left

rFire  + + +     SeeInvis .     z - +2 short sword of the Fulmar {pierce, rF++ rC+ Int-5} (curse)
rCold  . . .     Gourm    .     a - +0 robe
rNeg   . . .     Faith    .     (no shield)
rPois  .         Spirit   .     n - +0 helmet
rElec  .         Dismiss  .     u - +2 cloak {+Inv}
rCorr  .         Reflect  .     (no gloves)
SustAt .         Harm     .     B - +2 pair of boots
MR     +....                    (no amulet)
Stlth  ++........               j - ring of wizardry
                                q - ring of fire

@: somewhat resistant to hostile enchantments, unstealthy
A: no striking features
a: Renounce Religion, Evoke Invisibility


You were on level 1 of the Orcish Mines.
You worshipped Vehumet.
Vehumet was pleased with you.
You were hungry.

You visited 3 branches of the dungeon, and saw 12 of its levels.

You collected 507 gold pieces.

Inventory:

Hand Weapons
 e - a +0 dagger
 z - the cursed +2 short sword of the Fulmar (weapon) {pierce, rF++ rC+ Int-5}
   (You found it on level 6 of the Dungeon)

   It inflicts extra damage upon your enemies.
   It affects your intelligence (-5).
   It greatly protects you from fire.
   It protects you from cold.
   It has a curse placed upon it.
 U - a +2 dagger of holy wrath
 V - a +1 short sword of flaming
 W - a +2 dagger of draining
Missiles
 l - 263 stones (quivered)
Armour
 a - a +0 robe (worn)
 n - a +0 helmet (worn)
 u - a +2 cloak of invisibility (worn)
 B - a +2 pair of boots (worn)
Jewellery
 j - a ring of wizardry (right hand)
 q - a ring of fire (left hand)
 H - an uncursed ring of protection from magic
 M - an uncursed ring of protection from cold
Wands
 h - a wand of digging (18/24)
 J - a wand of enslavement (7/24)
 K - a wand of slowing (33/48)
 Q - a wand of lightning (4/15)
Scrolls
 d - 5 scrolls of teleportation
 f - 4 scrolls of remove curse
 k - 5 scrolls of blinking {unknown}
 m - 4 scrolls of recharging {unknown}
 v - 5 scrolls of enchant weapon {unknown}
 w - 2 scrolls of amnesia {unknown}
 x - a scroll of fog {unknown}
 y - 2 scrolls of noise {unknown}
 D - a scroll of magic mapping {unknown}
 G - a scroll of random uselessness {unknown}
 I - a scroll of immolation {unknown}
 L - 3 scrolls of fear {unknown}
 P - a scroll of summoning {unknown}
 Y - a scroll of holy word {unknown}
 Z - a scroll of enchant armour {unknown}
Potions
 g - a potion of cure mutation
 i - 3 potions of cancellation
 o - 3 potions of lignification
 p - a potion of heal wounds
 s - a potion of berserk rage
 t - 3 potions of haste
 A - 2 potions of agility
 E - a potion of brilliance {unknown}
 F - 4 potions of curing {unknown}
 N - a potion of ambrosia {unknown}
 R - a potion of degeneration {unknown}
 X - a potion of flight {unknown}
Books
 b - a book of Flames

   Spells                             Type                      Level
   a - Flame Tongue                   Conjuration/Fire             1
   b - Throw Flame                    Conjuration/Fire             2
   c - Conjure Flame                  Conjuration/Fire             3
   d - Inner Flame                    Hexes/Fire                   3
   e - Sticky Flame                   Conjuration/Fire             4
   f - Fireball                       Conjuration/Fire             5
Miscellaneous
 O - a stone of tremors
Comestibles
 c - 5 bread rations
 r - 7 fruits
 C - 3 meat rations
 S - 5 chunks of flesh
 T - a slice of pizza


   Skills:
 - Level 2.4 Dodging
 - Level 2.4 Stealth
 * Level 13.7 Spellcasting
 + Level 8.5 Conjurations
 + Level 9.0 Fire Magic
 - Level 7.1 Evocations


You had 26 spell levels left.
You knew the following spells:

 Your Spells              Type           Power        Failure   Level  Hunger
a - Flame Tongue          Conj/Fire      #####        1%          1    None
b - Sticky Flame          Conj/Fire      ######..     1%          4    None
c - Fireball              Conj/Fire      ######....   1%          5    ####...


Dungeon Overview and Level Annotations

Branches:
Dungeon (10/15)            Temple (1/1) D:6             Orc (1/2) D:10
   Lair: D:8-11

Altars:
Ashenzari
Cheibriados
Dithmenos
Elyvilon
Fedhas
Gozag
Kikubaaqudgha
Makhleb
Nemelex Xobeh
Okawaru
Pakellas
Qazlal
Ru
Sif Muna
Trog
Vehumet
Xom
Yredelemnul
Zin
The Shining One

Shops:
D:8 %


Message History

Something tries to affect you, but you resist.
Casting: Flame Tongue
Confirm with . or Enter, or press ? or * to list all spells.
Aiming: Flame Tongue
Press: ? - help, Shift-Dir - straight line You feel a surge of power!
The flame tongue hits something.
A magic dart appears from out of thin air!
The magic dart hits you!
Unknown command.
Unknown command.
You closely miss something. Something hits you but does no damage.
You closely miss something. Something hits you but does no damage.
The orc priest invokes the aid of Beogh against you.
Reactivating autopickup.
You feel a bit more experienced.
Things that are here:
a mace; a plate armour; an orc corpse The orc priest calls down the wrath of Beogh upon you.
Beogh smites you!
You die...

#.... ...
.#....##.# .
....#..#.### ..
.#)........##...
.)....$o.......#
...))..).#.#
.)..).o))..##...
.......#........
.#).).@...#...#
##.......# .##
#..........#
##.#...##.##
####.## ## ###


You could see an orc priest.

Vanquished Creatures
  Erolcha (D:10)
  2 trolls
  The ghost of gracecamel the Slinger, an amateur CeHu (D:4)
  Grinder (D:3)
  Sigmund (D:4)
  2 hippogriffs (D:7)
  Duvessa (D:4)
  6 orc warriors
  3 phantoms
  6 ogres
  3 centaurs
  A gnoll sergeant (D:8)
  3 giant frogs
  2 scorpions
  Dowan (D:4)
  3 jellies
  6 killer bees (D:8)
  8 wights
  2 howler monkeys
  A wasp zombie (D:6)
  3 quasits
  3 giant frog zombies
  7 orc priests
  4 gnoll shamans (D:5)
  4 hounds
  13 orc wizards
  2 giant frog skeletons
  5 iguanas
  8 worker ants
  2 killer bee zombies
  A hound zombie (D:9)
  A hound skeleton (D:6)
  A howler monkey zombie (D:6)
  36 gnolls
  11 adders
  6 shadow imps
  2 oozes
  An adder zombie (D:9)
  An adder skeleton (D:8)
  4 worms
  2 dart slugs
  6 giant geckos
  22 orcs
  A ball python (D:3)
  9 bats
  4 giant cockroaches
  5 goblins
  6 hobgoblins
  23 jackals
  2 quokkas
  2 giant newts
  8 kobolds
  A quokka skeleton (D:4)
  9 rats
269 creatures vanquished.

Vanquished Creatures (others)
  An orc wizard (Orc:1)
1 creature vanquished.

Grand Total: 270 creatures vanquished

Notes
Turn   | Place    | Note
--------------------------------------------------------------
     0 | D:1      | Minkie the Deep Elf Fire Elementalist began the quest for the Orb.
     0 | D:1      | Reached XP level 1. HP: 10/10 MP: 6/6
   273 | D:1      | Reached XP level 2. HP: 15/15 MP: 8/8
  1171 | D:2      | Reached skill level 4 in Spellcasting
  1286 | D:2      | Reached XP level 3. HP: 19/19 MP: 5/10
  2029 | D:3      | Reached XP level 4. HP: 24/24 MP: 8/12
  2035 | D:3      | Learned a level 4 spell: Sticky Flame
  2236 | D:3      | Noticed Grinder
  2254 | D:3      | Killed Grinder
  2254 | D:3      | Reached skill level 5 in Spellcasting
  2254 | D:3      | Reached XP level 5. HP: 8/28 MP: 6/15
  2254 | D:3      | Reached XP level 6. HP: 9/32 MP: 6/16
  2483 | D:3      | Reached skill level 6 in Spellcasting
  2874 | D:4      | Noticed Dowan
  2891 | D:4      | Killed Dowan
  2894 | D:4      | Noticed Duvessa
  2905 | D:4      | Killed Duvessa
  3089 | D:4      | Reached skill level 5 in Fire Magic
  3097 | D:4      | Noticed Sigmund
  3107 | D:4      | Reached XP level 7. HP: 27/36 MP: 13/19
  3118 | D:4      | Killed Sigmund
  3118 | D:4      | Reached skill level 7 in Spellcasting
  3371 | D:4      | Learned a level 5 spell: Fireball
  3598 | D:4      | Noticed gracecamel's ghost (amateur CeHu)
  3904 | D:4      | Reached skill level 8 in Spellcasting
  4138 | D:4      | Killed gracecamel's ghost
  4138 | D:4      | Reached skill level 5 in Conjurations
  4138 | D:4      | Reached XP level 8. HP: 23/41 MP: 7/22
  4321 | D:5      | Entered Level 5 of the Dungeon
  4375 | D:5      | Reached skill level 9 in Spellcasting
  5158 | D:5      | Reached skill level 5 in Evocations
  5401 | D:5      | Reached skill level 10 in Spellcasting
  5581 | D:5      | Reached XP level 9. HP: 45/45 MP: 17/25
  6228 | D:6      | Got an ancient short sword
  6236 | D:6      | Identified the cursed +2 short sword of the Fulmar {pierce, rF++ rC+ Int-5} (You found it on level 6 of the Dungeon)
  6564 | D:6      | Found a staircase to the Ecumenical Temple.
  6585 | Temple   | Entered the Ecumenical Temple
  6670 | D:7      | Found a sacrificial altar of Ru.
  7449 | D:7      | Reached skill level 11 in Spellcasting
  7753 | D:7      | Found a radiant altar of Vehumet.
  7753 | D:7      | Found a shadowy altar of Dithmenos.
  7754 | D:7      | Found a glowing golden altar of the Shining One.
  7754 | D:7      | Found a blossoming altar of Fedhas.
  7755 | D:7      | Found a shimmering altar of Xom.
  7755 | D:7      | Found a sparkling altar of Nemelex Xobeh.
  7755 | D:7      | Found a stormy altar of Qazlal.
  7756 | D:7      | Found a bloodstained altar of Trog.
  7759 | D:7      | Became a worshipper of Vehumet
  7973 | D:8      | Found Gewk's Food Shoppe.
  8583 | D:8      | Reached skill level 12 in Spellcasting
  8720 | D:8      | Reached * piety under Vehumet
  8720 | D:8      | Offered knowledge of Freeze by Vehumet.
  8721 | D:8      | Reached XP level 10. HP: 50/50 MP: 17/28
  9103 | D:9      | Found an iron altar of Okawaru.
  9696 | D:10     | Entered Level 10 of the Dungeon
  9750 | D:10     | Found a staircase to the Orcish Mines.
  9923 | D:10     | Offered knowledge of Shock by Vehumet.
  9923 | D:10     | Reached ** piety under Vehumet
  9938 | D:10     | Noticed Erolcha
  9946 | D:10     | Killed Erolcha
  9946 | D:10     | Reached skill level 13 in Spellcasting
 10550 | Orc:1    | Entered Level 1 of the Orcish Mines
 10559 | Orc:1    | HP: 2/50 [something/magic dart (8)]
 10572 | Orc:1    | Killed from afar by an orc priest

Vault maps used:
D:1:      shiori_angband_town
D:2:      first_bread
D:3:      minivault_14, st_stairs_2, minmay_misc_feat_more_columns, uniq_grinder
D:4:      gup_sewer_entry_spiral, uniq_sigmund, uniq_duvessa
D:5:      lemuel_castle_with_subvaults
D:6:      minmay_temple_entry_statues_fountains
D:7:      grunt_temple_overflow_open, basic_altar
D:8:      serial_shops, nicolae_shop_stone
D:9:      basic_altar
D:10:     orc_0_dummy, uniq_erolcha
Temple:   zaba_magenta_temple_12
Orc:1:    nicolae_orc_crystal_geode

Skill      XL: |  1  2  3  4  5  6  7  8  9 10 |
---------------+-------------------------------+-----
Spellcasting   | 4 5 6 8 10 12 13 | 13.7
Conjurations   | 2 3 5 7 8 |  8.5
Fire Magic     | 4 5 6 7 9 |  9.0
Evocations     | 2 4 5 6 7 |  7.1
Dodging        | |  2.4
Stealth        | |  2.4

Action                   |  1- 3 |  4- 6 |  7- 9 | 10-12 || total
-------------------------+-------+-------+-------+-------++-------
Melee: Dagger            |    26 |    11 |   138 |       ||   175
       Short sword       |       |       |     1 |     2 ||     3
 Cast: Flame Tongue      |    63 |    23 |   351 |    95 ||   532
       Sticky Flame      |       |     7 |    29 |     9 ||    45
       Fireball          |       |       |    10 |    20 ||    30
  Use: Scroll            |       |     6 |     4 |       ||    10
       Potion            |       |       |     1 |     1 ||     2
 Stab: Sleeping          |     6 |       |     2 |       ||     8
  Eat: Chunk             |     3 |     4 |    17 |     6 ||    30
       Pizza             |       |       |     3 |       ||     3
       Beef jerky        |       |       |       |     1 ||     1
Armor: Robe              |     6 |     4 |   122 |    16 ||   148
Dodge: Dodged            |    35 |    15 |   186 |    23 ||   259
